 Dungeon Crawl Stone Soup version 0.25-a0-733-gf7d8cd8a05 (webtiles) character file.

Game seed: 1132298295196179272, levelgen mode: deterministic

232 kae the Ruffian (level 5, -9/60 HPs)
             Began as a Draconian Transmuter on Apr 9, 2020.
             Mangled by an ogre
             ... wielding a +0 giant club
              (11 damage)
             ... on level 4 of the Dungeon.
             The game lasted 00:02:27 (2751 turns).

kae the Ruffian (Draconian Transmuter)              Turns: 2751, Time: 00:02:28

Health: -9/60      AC: 22    Str: 14    XL:     5   Next: 73%
Magic:  8/9        EV:  2    Int: 13    God:
Gold:   115        SH:  0    Dex: 11    Spells: 4/10 levels left

rFire    . . .     SeeInvis .   d - +2 whip (freeze)
rCold    . . .     Gourm    .   (no shield)
rNeg     + + +     Faith    .   (armour unavailable)
rPois    +         Spirit   .   (helmet currently unavailable)
rElec    .         Reflect  .   (cloak currently unavailable)
rCorr    .         Harm     .   (gloves currently unavailable)
MR       .....     NoTele   +   (boots currently unavailable)
Stlth    +.........             (no amulet)
HPRegen  0.20/turn              (no ring)
MPRegen  0.11/turn              (no ring)

@: tree-form
A: unfitting armour, AC +5
a: no special abilities


You were on level 4 of the Dungeon.
You were hungry.
You were a tree.
You visited 1 branch of the dungeon, and saw 4 of its levels.

You collected 115 gold pieces.

Inventory:

Hand Weapons
 d - a +2 whip of freezing (weapon)
Missiles
 a - 35 arrows
Armour
 l - a +2 pair of gloves (melded)
Jewellery
 j - an uncursed ring of magical power {unknown}
Scrolls
 b - 2 scrolls of enchant weapon
 f - 3 scrolls of remove curse
Potions
 e - a potion of brilliance
 i - 2 potions of flight
Comestibles
 c - 5 rations


   Skills:
 - Level 1.1 Fighting
 - Level 1.7 Dodging
 * Level 5.1 Unarmed Combat
 + Level 3.2 Spellcasting
 + Level 3.4 Transmutations


You had 4 spell levels left.
You knew the following spells:

 Your Spells              Type           Power        Failure   Level  Hunger
a - Beastly Appendage     Tmut           ##....       5%          1    #......
b - Sticks to Snakes      Tmut           ##......     9%          2    ##.....
c - Spider Form           Tmut/Pois      #.........   32%         3    ###....

Your spell library contained the following spells:

 Spells                   Type           Power        Failure   Level  Hunger
 Ice Form                 Ice/Tmut       #.......     73%         4    #####..
 Blade Hands              Tmut           ##........   83%         5    ######.


Dungeon Overview and Level Annotations

Branches:
Dungeon (4/15)
 Temple: D:4-7

Altars:
Cheibriados
Elyvilon
Fedhas
Qazlal
Zin


Innate Abilities, Weirdness & Mutations

((Your plain brown scales are hard. (AC +5)))
You cannot fit into any form of body armour.
((You are cold-blooded and may be slowed by cold attacks.))


Message History

You hit the ogre. You freeze the ogre.
The ogre is severely wounded.
The ogre barely misses you.
You hit the ogre but do no damage.
The ogre is severely wounded.
The ogre hits you with a +0 giant club!!
Ouch! That really hurt!
* * * LOW HITPOINT WARNING * * *
You hit the ogre. You freeze the ogre.
Your tail-slap misses the ogre.
The ogre is almost dead.
The ogre closely misses you.
You feel better. The scorpion misses you.
You feel better. The ogre hits you with a +0 giant club!
* * * LOW HITPOINT WARNING * * *
The scorpion misses you.
Really quaff the potion of lignification?
You turn into a tree.
Your +2 pair of gloves melds into your body.
Your roots penetrate the ground.
The ogre hits you with a +0 giant club!
You die...

*,* *,* *,,, *,* *,* **,*
*,* *,* *,* *,* #.** *,*
*,* #..* *,* *,* *#.## *,,
*,* #..###### **** *,*
*#≈≈≈.s.# *,,, *,*
##≈≈≈♣O.#######****,,, *,*
#..≈_≈≈.......#*,,,,,* *,*
#.≈≈≈≈≈#####.#s..#*,,*
*.######.≈.≈..#
*#.###..#**,,
*...........###
#.#***#..#*,, **######.####
##,**,,....,, #.#
**,*,,*#...,
######§####*******,,***#..,
#....§....#,,,,,,,,,,**,..,


You could see an ogre and a scorpion.

Vanquished Creatures
  A hound (D:2)
  Terence (D:3)
  A worker ant (D:4)
  3 gnolls (D:2)
  5 adders
  2 oozes
  2 worms
  2 leopard geckos (D:2)
  5 orcs
  2 ball pythons (D:3)
  A giant cockroach (D:1)
  3 goblins
  8 hobgoblins
  2 jackals (D:2)
  9 kobolds
  2 quokkas
  6 bats
  4 frilled lizards
  A quokka skeleton (D:4)
  10 rats
70 creatures vanquished.

Notes
Turn   | Place    | Note
-------+----------+-------------------------------------------
     0 | D:1      | kae the Draconian Transmuter began the quest for the Orb.
     0 | D:1      | Reached XP level 1. HP: 16/16 MP: 3/3
   221 | D:1      | Reached XP level 2. HP: 21/23 MP: 3/5
   457 | D:1      | Learned a level 2 spell: Sticks to Snakes
   777 | D:2      | Reached XP level 3. HP: 28/28 MP: 4/6
  1053 | D:2      | Found a stormy altar of Qazlal.
  1061 | D:2      | Reached skill level 4 in Unarmed Combat
  1086 | D:2      | Found a glowing silver altar of Zin.
  1117 | D:2      | Reached XP level 4. HP: 17/35 MP: 1/7
  1147 | D:2      | Found a snail-covered altar of Cheibriados.
  1149 | D:2      | You are sucked into a shaft and drop 1 floor!
  1454 | D:3      | Learned a level 3 spell: Spider Form
  1727 | D:2      | Reached XP level 5. HP: 15/40 MP: 9/9
  2080 | D:3      | Found a white marble altar of Elyvilon.
  2134 | D:3      | Found a faded altar of an unknown god.
  2193 | D:3      | Noticed Terence
  2212 | D:3      | Killed Terence
  2506 | D:3      | Reached skill level 5 in Unarmed Combat
  2694 | D:4      | Found a blossoming altar of Fedhas.
  2734 | D:4      | Noticed an ogre
  2747 | D:4      | HP: 1/40 [ogre/+0 giant club (20)]
  2751 | D:4      | Mangled by an ogre

Levels and vault maps discovered:
D:1:      elethiomel_arrival_quiet, layout_loops_cross, minmay_tall_x
D:2:      minmay_general_purpose_star, layout_rooms, cheibriados_altar_1,
          nicolae_qazlal_eye_of_the_storm, zin_statuary
D:3:      layout_rooms, overflow_temple_1_default,
          chequers_ecumenical_altar_lobes, uniq_terence
D:4:      layout_loops_cross, grunt_temple_overflow_holy_war, fedhas_altar_2,
          nicolae_dithmenos_shadow_blocks, gup_sewer_entry_glass,
          hangedman_ru_absence, uniq_sigmund

Skill      XL: |  1  2  3  4  5 |
---------------+----------------+-----
Unarmed Combat | 4 5 |  5.1
Transmutations | 3 |  3.4
Spellcasting   | 3 |  3.2
Fighting       | |  1.1
Dodging        | |  1.7

Action                   |  1- 3 |  4- 6 || total
-------------------------+-------+-------++-------
Melee: Whip              |    90 |   122 ||   212
       Unarmed           |     5 |    18 ||    23
       Headbutt          |     8 |       ||     8
       Tailslap          |     7 |    12 ||    19
       Punch             |     1 |     1 ||     2
       Kick              |       |     1 ||     1
 Cast: Beastly Appendage |    15 |     4 ||    19
       Sticks to Snakes  |     2 |     1 ||     3
       Spider Form       |       |     4 ||     4
  Use: Scroll            |       |     9 ||     9
       Potion            |       |     6 ||     6
  Eat: Chunk             |     1 |     6 ||     7
Armor: Skin              |    35 |    52 ||    87
Dodge: Dodged            |    84 |   156 ||   240

Table legend:
 A = Non-vault XP
 B = Vault XP
 C = Vault XP percentage of total XP
 D = Non-vault monster count
 E = Vault monster count
 F = Vault count percentage of total count
                 A         B        C        D         E       F
            +---------+---------+-------+---------+---------+-------
      Total |     288 |      44 |  13.3 |      63 |       7 |  10.0
            +---------+---------+-------+---------+---------+-------
        D:1 |      23 |       5 |  17.9 |      12 |       4 |  25.0
        D:2 |     183 |       3 |   1.6 |      34 |       2 |   5.6
        D:3 |      49 |      36 |  42.4 |      15 |       1 |   6.2
        D:4 |      33 |       0 |   0.0 |       2 |       0 |   0.0
            +---------+---------+-------+---------+---------+-------
